 Dungeon Crawl Stone Soup version 0.21-a0-437-ge5bf024 (webtiles) character file.

70777 kae the Severer (level 15, -4/136 HPs)
             Began as a Hill Orc Fighter on Nov 9, 2017.
             Was a Priest of Qazlal.
             Slain by a stone giant (30 damage)
             ... on level 2 of the Orcish Mines.
             The game lasted 00:49:06 (33136 turns).

kae the Severer (Hill Orc Fighter)                 Turns: 33136, Time: 00:49:06

Health: -4/136     AC: 19    Str: 26    XL:     15   Next: 34%
Magic:  0/25       EV: 12    Int: 15    God:    Qazlal [***...]
Gold:   2117       SH:  4    Dex: 15    Spells: 14/14 levels left

rFire    . . .     SeeInvis +   I - +0 battleaxe
rCold    . . .     Gourm    .   (shield currently unavailable)
rNeg     . . .     Faith    .   W - +3 ring mail "Orarej" {MR+ Int+4 Dex+5}
rPois    .         Spirit   +   (no helmet)
rElec    .         Reflect  .   H - +1 cloak {+Inv}
rCorr    .         Harm     .   e - +2 pair of gloves
MR       ++++.                  v - +1 pair of boots
Stlth    +.........             R - amulet of guardian spirit
HPRegen  0.32/turn              E - ring of see invisible
MPRegen  0.19/turn              S - ring of the Mage {Wiz MR++ Int+3}

@: no status effects
A: no striking features
a: Upheaval, Elemental Force, Renounce Religion, Evoke Invisibility


You were on level 2 of the Orcish Mines.
You worshipped Qazlal.
Qazlal was most pleased with you.
You were not hungry.

You visited 3 branches of the dungeon, and saw 21 of its levels.
You also visited: Labyrinth.

You collected 2117 gold pieces.

Inventory:

Hand Weapons
 I - a +0 battleaxe (weapon)
 T - the +3 hand axe "Beubat" {antimagic, rC+}
   (You found it in a labyrinth)

   It reduces the magical energy of the wielder, and disrupts the spells and
   magical abilities of those hit.
   Natural abilities and divine invocations are not affected.
   It protects you from cold.
Armour
 e - a +2 pair of gloves (worn)
 v - a +1 pair of boots (worn)
 H - a +1 cloak of invisibility (worn)
 W - the +3 ring mail "Orarej" (worn) {MR+ Int+4 Dex+5}
   (You found it on level 12 of the Dungeon)

   It affects your intelligence (+4).
   It affects your dexterity (+5).
   It affects your resistance to hostile enchantments.
Jewellery
 D - an uncursed amulet of regeneration
 E - a ring of see invisible (left hand)
 R - an amulet of guardian spirit (around neck)
 S - the ring of the Mage (right hand) {Wiz MR++ Int+3}
   (You found it on level 4 of the Lair of Beasts)

   [ring of wizardry]

   It improves your spell success rate.
   It affects your intelligence (+3).
   It affects your resistance to hostile enchantments.
Wands
 h - a wand of clouds (0/9)
 k - a wand of confusion (22/48)
 n - a wand of flame (18/48)
 q - a wand of polymorph (19/24)
 t - a wand of confusion (27/48)
 z - a wand of scattershot (5/9)
 B - a wand of lightning (1/15)
 G - a wand of acid (8/15)
 M - a wand of lightning (6/15)
 O - a wand of iceblast (4/15)
Scrolls
 c - 2 scrolls of magic mapping
 d - 2 scrolls of identify
 o - 10 scrolls of remove curse
 s - a scroll of teleportation
 A - 7 scrolls of amnesia
 C - 3 scrolls of enchant weapon
 K - a scroll of blinking
 N - a scroll of enchant armour
 Q - 2 scrolls of fog
Potions
 a - 3 potions of heal wounds
 g - 8 potions of curing
 j - 3 potions of brilliance
 l - a potion of mutation
 p - a potion of invisibility
 r - 3 potions of agility
 u - 3 potions of flight
 F - 4 potions of haste
 P - 2 potions of ambrosia
 V - a potion of might
 Y - a potion of magic
Comestibles
 f - 15 bread rations
 i - 8 fruits
 m - 16 meat rations
 w - 8 royal jellies


   Skills:
 + Level 13.5 Fighting
 * Level 19.2 Axes
 + Level 12.5 Armour
 + Level 2.3 Dodging
   Level 4.0 Shields
 + Level 13.9 Invocations
 + Level 9.3 Evocations


You had 14 spell levels left.
You didn't know any spells.

Dungeon Overview and Level Annotations

Branches:
Dungeon (13/15)            Temple (0/1) D:5            Lair (6/6) D:11
  Swamp (0/4) Lair:3        Snake (0/4) Lair:4        Slime (0/5) Lair:6
    Orc (2/2) D:11            Elf (0/3) Orc:2
 Vaults: D:13-14

Altars:
Cheibriados
Elyvilon
Hepliaklqana
Kikubaaqudgha
Okawaru
Qazlal
Uskayaw
Xom
Yredelemnul
Zin
The Shining One
Jiyva

Shops:
Orc:2 =(

Annotations:
Lair:6 1 runed door, exclusion: 2 oklob plants


Message History

You are too injured to fight recklessly!
You are too injured to fight recklessly!
You are too injured to fight recklessly!
You are too injured to fight recklessly!
You are too injured to fight recklessly!
You slash the stone giant!
The stone giant is severely wounded.
The stone giant hits you!!
You hit the stone giant.
The stone giant is severely wounded.
The stone giant hits you!!
* * * LOW HITPOINT WARNING * * *
A cyclops comes into view.
You slash the stone giant!
The stone giant is severely wounded.
You hit the stone giant but do no damage.
The stone giant is severely wounded.
The stone giant is engulfed in blazing flames.
The stone giant hits you!!
You die...

..P..P...))....... #
#.....[)$......# ##
##C...)$.....###### #.
#....(#...### ##.## ####.
##..C##....## #...###.#.#
##..###....# ##...#.....
###...#.#..## ##........#
#####.......(..# #..........
###..........C@(.## ##.##......
#...........#..§.(#####........
###.PP......#.......(.##.........
.#...................)..#........
...........PP.>..........##......
.......∩.................#.......
...P.....8................)......
..............<.........)........
.#....P..........#..........#....


You could see a stone giant and a cyclops.

Vanquished Creatures
  A stone giant (Orc:1)
  Nessos (D:12)
  3 ettins (Orc:2)
  A minotaur (Lab)
  7 hydras
  Fannar (D:10)
  A catoblepas (Lair:5)
  4 two-headed ogres
  7 death yaks
  Urug (Orc:1)
  2 lindwurms (Lair:6)
  A deep elf mage (D:12)
  7 cyclopes
  An orc knight (Orc:1)
  3 black mambas
  8 elephants
  A centaur zombie (D:13)
  A gargoyle (D:12)
  6 torpor snails
  3 rime drakes
  7 komodo dragons
  6 spiny frogs
  7 trolls
  A queen bee (Lair:2)
  Prince Ribbit (D:7)
  10 polar bears (Lair:6)
  3 tyrant leeches (Lair:6)
  7 hornets (Lair:6)
  9 blink frogs
  7 hippogriffs
  7 dream sheep (Lair:5)
  2 shadows
  5 wyverns
  A spriggan (D:9)
  34 yaks
  3 basilisks
  2 steam dragons
  Grum (D:11)
  9 wargs
  A soldier ant (D:13)
  10 water moccasins
  An acid dragon (D:12)
  15 hell hounds (Lair:6)
  11 porcupines
  12 black bears
  15 orc warriors
  A sky beast (D:8)
  An ice beast (D:9)
  6 phantoms
  11 ogres
  32 wolves
  16 crocodiles
  7 centaurs
  19 bullfrogs
  4 big kobolds
  A wyvern zombie (D:8)
  2 scorpions
  A water moccasin skeleton (D:9)
  31 killer bees
  27 wights
  A vampire bat (D:5)
  3 electric eels (Lair:6)
  3 howler monkeys
  6 crimson imps
  A jelly (D:5)
  8 hounds
  Crazy Yiuf (D:7)
  A centaur skeleton (D:7)
  24 orc priests
  25 orc wizards
  2 bullfrog skeletons
  4 iguanas
  2 hell rats
  6 worker ants
  A hound skeleton (D:3)
  A howler monkey zombie (D:7)
  A worker ant zombie (D:6)
  12 adders
  7 gnolls
  5 shadow imps
  An adder skeleton (D:9)
  2 worms
  A dart slug (D:3)
  3 fire bats (D:5)
  2 leopard geckos
  113 orcs
  2 spectral bats (D:5)
  12 bats
  3 bat skeletons (D:5)
  A bat zombie (D:5)
  8 giant cockroaches
  3 goblins (D:1)
  7 hobgoblins
  6 jackals
  22 kobolds
  4 quokkas
  A ball python skeleton (D:5)
  A bat simulacrum (D:5)
  5 frilled lizards
  A jackal skeleton (D:5)
  A leopard gecko skeleton (D:6)
  2 leopard gecko zombies
  A quokka skeleton (D:6)
  A quokka zombie (D:6)
  11 rats
  A spectral orc (D:5)
  2 fungi
  3 plants (Lair:6)
740 creatures vanquished.

Vanquished Creatures (collateral kills)
  A kobold (D:11)
1 creature vanquished.

Vanquished Creatures (others)
  14 fungi
  30 plants
44 creatures vanquished.

Grand Total: 785 creatures vanquished

Notes
Turn   | Place    | Note
-------+----------+-------------------------------------------
     0 | D:1      | kae the Hill Orc Fighter began the quest for the Orb.
     0 | D:1      | Reached XP level 1. HP: 19/19 MP: 1/1
    21 | D:1      | Reached skill level 3 in Axes
    42 | D:1      | Reached XP level 2. HP: 26/27 MP: 2/2
   988 | D:2      | Found a stormy altar of Qazlal.
  1034 | D:2      | Reached XP level 3. HP: 33/33 MP: 3/3
  1140 | D:2      | Reached skill level 4 in Axes
  1255 | D:2      | Became a worshipper of Qazlal Stormbringer
  1694 | D:2      | Reached XP level 4. HP: 30/40 MP: 4/4
  2128 | D:3      | Reached skill level 5 in Axes
  2128 | D:3      | Reached XP level 5. HP: 47/47 MP: 5/5
  2305 | D:3      | Reached * piety under Qazlal
  2427 | D:3      | Found an iron altar of Okawaru.
  2564 | D:3      | Reached skill level 1 in Invocations
  2564 | D:3      | Reached XP level 6. HP: 41/55 MP: 6/6
  2578 | D:3      | Reached skill level 5 in Fighting
  2578 | D:3      | Reached skill level 6 in Axes
  2781 | D:4      | Found a hide-covered altar of Uskayaw.
  2781 | D:4      | Noticed a dagger
  2781 | D:4      | Noticed a hand axe
  2904 | D:4      | Reached skill level 7 in Axes
  2904 | D:4      | Reached skill level 5 in Armour
  2904 | D:4      | Reached XP level 7. HP: 30/61 MP: 7/9
  3290 | D:4      | Reached ** piety under Qazlal
  3551 | D:5      | Entered Level 5 of the Dungeon
  3636 | D:5      | Reached skill level 8 in Axes
  3636 | D:5      | Reached XP level 8. HP: 52/70 MP: 9/11
  3820 | D:5      | Found a basalt altar of Yredelemnul.
  4001 | D:5      | Reached skill level 9 in Axes
  4116 | D:5      | Found an ancient bone altar of Kikubaaqudgha.
  4352 | D:5      | Found a staircase to the Ecumenical Temple.
  4357 | D:5      | Reached *** piety under Qazlal
  4489 | D:6      | Found a hazy altar of Hepliaklqana.
  4492 | D:6      | Reached skill level 5 in Invocations
  4706 | D:6      | Reached XP level 9. HP: 72/79 MP: 13/13
  4896 | D:7      | Reached skill level 10 in Axes
  5134 | D:7      | Found a hazy altar of Hepliaklqana.
  5172 | D:7      | Noticed Prince Ribbit
  5188 | D:7      | Killed Prince Ribbit
  5598 | D:7      | Reached skill level 11 in Axes
  5802 | D:7      | Found a runed door.
  5971 | D:7      | Reached XP level 10. HP: 35/89 MP: 7/15
  6494 | D:7      | Noticed Crazy Yiuf
  6498 | D:7      | Killed Crazy Yiuf
  6562 | D:8      | Found a shimmering altar of Xom.
  6645 | D:8      | Reached skill level 12 in Axes
  6933 | D:8      | Reached skill level 1 in Evocations
  7335 | D:8      | Found a snail-covered altar of Cheibriados.
  8181 | D:9      | Reached skill level 13 in Axes
  8183 | D:9      | Reached **** piety under Qazlal
  8190 | D:9      | Reached XP level 11. HP: 34/97 MP: 17/17
  8226 | D:9      | Noticed a two-headed ogre
  8239 | D:9      | Killed a two-headed ogre
  8367 | D:9      | Found a glowing silver altar of Zin.
  8367 | D:9      | Found a white marble altar of Elyvilon.
  8749 | D:10     | Entered Level 10 of the Dungeon
  9410 | D:10     | Noticed a two-headed ogre
  9420 | D:10     | Killed a two-headed ogre
  9451 | D:10     | Reached skill level 10 in Fighting
  9464 | D:10     | Noticed Fannar
  9491 | D:10     | Killed Fannar
  9491 | D:10     | Reached skill level 14 in Axes
  9512 | D:10     | HP: 4/99 [killer bee (3)]
 10295 | D:11     | Noticed a two-headed ogre
 10301 | D:11     | Killed a two-headed ogre
 10549 | D:11     | Noticed a death yak
 10549 | D:11     | Noticed a death yak
 10549 | D:11     | Noticed Grum
 10550 | D:11     | Noticed a death yak
 10981 | D:10     | Killed a death yak
 10981 | D:10     | Reached skill level 10 in Invocations
 11090 | D:10     | Killed a death yak
 11090 | D:10     | Reached XP level 12. HP: 35/107 MP: 19/19
 11562 | D:11     | Killed a death yak
 11562 | D:11     | Reached skill level 5 in Evocations
 11660 | D:11     | Killed Grum
 11827 | D:11     | Found a glowing golden altar of the Shining One.
 11851 | D:11     | Found a staircase to the Lair.
 12002 | D:11     | Reached skill level 15 in Axes
 12126 | D:11     | Found a staircase to the Orcish Mines.
 13034 | Lair:1   | Entered Level 1 of the Lair of Beasts
 13179 | Lair:1   | Reached skill level 10 in Armour
 14128 | Lair:2   | Noticed a six-headed hydra
 14132 | Lair:2   | Killed a six-headed hydra
 14756 | Lair:2   | Reached skill level 16 in Axes
 14983 | Lair:2   | Reached XP level 13. HP: 44/116 MP: 16/21
 17109 | Lair:3   | Found a staircase to the Swamp.
 18567 | Lair:4   | Found the ring of the Mage {Wiz MR++ Int+3}
 18578 | Lair:4   | Found a staircase to the Snake Pit.
 18994 | Lair:5   | Found a labyrinth entrance.
 19008 | Lair:5   | Reached skill level 17 in Axes
 19035 | Lab      | Entered a labyrinth
 19872 | Lab      | Noticed a minotaur
 19876 | Lab      | Killed a minotaur
 19913 | Lab      | Got a translucent hand axe
 19914 | Lab      | Identified the cursed +3 hand axe "Beubat" {antimagic, rC+} (You found it in a labyrinth)
 21271 | Lair:6   | Entered Level 6 of the Lair of Beasts
 22564 | Lair:5   | Reached XP level 14. HP: 127/127 MP: 7/23
 24947 | Lair:6   | Reached skill level 18 in Axes
 24955 | Lair:6   | Found a runed door.
 25034 | Lair:6   | HP: 6/127 [lindwurm (3)]
 25682 | Lair:6   | Paralysed by a hornet for 3 turns
 28250 | Lair:6   | Found a viscous altar of Jiyva.
 28250 | Lair:6   | Found a staircase to the Slime Pits.
 29340 | D:12     | Noticed Nessos
 29343 | D:12     | Killed Nessos
 29594 | D:12     | Got a bloodstained ring mail
 29605 | D:12     | Identified the +3 ring mail "Orarej" {MR+ Int+4 Dex+5} (You found it on level 12 of the Dungeon)
 30051 | D:12     | Reached skill level 1 in Dodging
 30743 | D:13     | Reached XP level 15. HP: 106/136 MP: 20/25
 31037 | Orc:1    | Entered Level 1 of the Orcish Mines
 31078 | Orc:1    | Noticed Urug
 31095 | Orc:1    | Killed Urug
 31227 | Orc:2    | Entered Level 2 of the Orcish Mines
 31731 | Orc:1    | Reached skill level 19 in Axes
 32405 | Orc:2    | Found Yxajack's Jewellery Emporium.
 32522 | Orc:2    | Found a staircase to the Elven Halls.
 32600 | Orc:2    | Found Zeshrycs's Antique Weapon Shoppe.
 33136 | Orc:2    | Slain by a stone giant

Vault maps used:
D:1:      sevenhm_arrival_forest_fort_small_3
D:2:      nicolae_qazlal_general_emergency
D:3:      okawaru_ov_weapons_minmay, due_unseen_surprise
D:4:      dancing_weapons_uskayaw, first_bread
D:5:      nicolae_overflow_hidden_temple, yredelemnul_forgotten_temple_becter,
          minmay_temple_entry_poolview, portal_sewer_entry_d, goddamned_bats
D:6:      basic_altar
D:7:      kennysheep_mini_moat, uniq_crazy_yiuf_cottage, uniq_prince_ribbit1
D:8:      brannock_xom_greatest_gift, lemuel_doored_altar
D:9:      gammafunk_temple_overflow_elements, enter_bailey_1, the_bakery
D:10:     special_room, serial_bayou_pond_e, solitary_fountain, uniq_fannar
D:11:     dpeg_lair_monsters, hiddenorc2_lemuel, tso_metal_star, uniq_grum
D:12:     uniq_nessos
Lair:1:   st_stairs_4, serial_bayou_shore_b, grunt_megastairs_4
Lair:2:   regret_index_tunnel_blossom, st_stairs_10
Lair:3:   swamp_mist_pool, grunt_megastairs_5, infiniplex_staircase_pool_2
Lair:4:   dummy_snake_entry
Lair:5:   lab_entry_generic
Lair:6:   hangedman_lair_caniforms_friends, wormcave,
          dpeg_slime_entry_enclosed_altar, grunt_megastairs_2,
          serial_bayou_shore_a, minmay_lair_oklob_chamber,
          infiniplex_staircase_pool
Orc:1:    uniq_urug
Orc:2:    grunt_orc_gardens, grunt_orc_garden, grunt_orc_garden,
          grunt_orc_garden, grunt_orc_garden
Lab:      labyrinth_watery

Skill      XL: |  1  2  3  4  5  6  7  8  9 10 11 12 13 14 15 |
---------------+----------------------------------------------+-----
Axes           | 3 4 5 7 8 9 11 13 14 16 17 18 19 | 19.2
Fighting       | 4 5 6 7 8 9 10 11 12 13 | 13.5
Armour         | 4 5 6 7 8 9 10 11 12 | 12.5
Invocations    | 1 2 4 5 7 8 10 11 12 13 | 13.9
Evocations     | 2 4 6 7 9 |  9.3
Shields        | 4 |  4.0
Dodging        | 1 2 |  2.3

Action                   |  1- 3 |  4- 6 |  7- 9 | 10-12 | 13-15 || total
-------------------------+-------+-------+-------+-------+-------++-------
Melee: War axe           |    89 |   131 |   249 |   862 |   388 ||  1719
       Hand axe          |       |       |       |       |   773 ||   773
       Battleaxe         |       |       |       |       |   322 ||   322
Invok: Upheaval          |       |       |     6 |    32 |    24 ||    62
       Elemental Force   |       |       |       |     1 |       ||     1
Evoke: Wand              |       |       |       |       |    16 ||    16
  Use: Scroll            |     8 |     2 |     7 |    15 |    17 ||    49
       Potion            |     1 |     2 |     1 |     7 |     8 ||    19
 Stab: Distracted        |       |       |       |       |     1 ||     1
       Invisible         |       |       |       |       |    14 ||    14
  Eat: Chunk             |     1 |     6 |     9 |    27 |    45 ||    88
       Fruit             |       |       |       |     1 |     7 ||     8
       Royal jelly       |       |       |       |     1 |     1 ||     2
       Bread ration      |       |       |       |       |     1 ||     1
Armor: Scale mail        |    70 |    84 |   126 |   222 |   428 ||   930
       Skin              |       |       |       |    32 |       ||    32
       Ring mail         |       |       |       |       |   101 ||   101
Dodge: Dodged            |    42 |    81 |   104 |   256 |   507 ||   990
Block: Other             |       |     7 |    40 |     3 |    41 ||    91
       Shield            |       |       |       |   133 |       ||   133
       Buckler           |       |       |       |   230 |   336 ||   566

Table legend:
 A = Spawn XP
 B = Non-spawn XP
 C = Spawn XP percentage of total XP
 D = Spawn monster count
 E = Non-spawn monster count
 F = Spawn count percentage of total count
 G = Total turns spent on level
                    A         B        C        D         E        F      G
               +---------+---------+-------+---------+---------+-------+---------
         Total |       0 |  101111 |   0.0 |       0 |     736 |   0.0 | 33136
               +---------+---------+-------+---------+---------+-------+---------
           D:1 |       0 |      31 |   0.0 |       0 |      18 |   0.0 |   938
           D:2 |       0 |     119 |   0.0 |       0 |      16 |   0.0 |   905
           D:3 |       0 |     302 |   0.0 |       0 |      28 |   0.0 |   892
           D:4 |       0 |     454 |   0.0 |       0 |      11 |   0.0 |   816
           D:5 |       0 |     996 |   0.0 |       0 |      46 |   0.0 |   912
           D:6 |       0 |     711 |   0.0 |       0 |      16 |   0.0 |   562
           D:7 |       0 |    2185 |   0.0 |       0 |      23 |   0.0 |  1537
           D:8 |       0 |    2694 |   0.0 |       0 |      50 |   0.0 |  1459
           D:9 |       0 |    3993 |   0.0 |       0 |      38 |   0.0 |   728
          D:10 |       0 |    5885 |   0.0 |       0 |      57 |   0.0 |  2400
          D:11 |       0 |    5507 |   0.0 |       0 |      77 |   0.0 |  1998
          D:12 |       0 |    4854 |   0.0 |       0 |      34 |   0.0 |  1211
          D:13 |       0 |    3104 |   0.0 |       0 |      12 |   0.0 |   778
        Lair:1 |       0 |    3641 |   0.0 |       0 |      19 |   0.0 |  1409
        Lair:2 |       0 |   11573 |   0.0 |       0 |      60 |   0.0 |  2611
        Lair:3 |       0 |     587 |   0.0 |       0 |       5 |   0.0 |  1119
        Lair:4 |       0 |    3499 |   0.0 |       0 |      12 |   0.0 |  1057
        Lair:5 |       0 |   14185 |   0.0 |       0 |      43 |   0.0 |  3441
        Lair:6 |       0 |   22138 |   0.0 |       0 |      96 |   0.0 |  5383
         Orc:1 |       0 |    5421 |   0.0 |       0 |      46 |   0.0 |  1527
         Orc:2 |       0 |    8147 |   0.0 |       0 |      28 |   0.0 |   572
           Lab |       0 |    1085 |   0.0 |       0 |       1 |   0.0 |   881
               +---------+---------+-------+---------+---------+-------+---------
